[Event "*** Titled Tuesday Blitz"]
[Site "Chess.com"]
[Date "2020.04.07"]
[Round "1"]
[White "Th3ChessViking"]
[Black "Perecke"]
[Result "1-0"]
[WhiteElo "2537"]
[BlackElo "2149"]
[TimeControl "180+1"]
[EndTime "13:07:29 PDT"]
[Termination "Th3ChessViking won on time"]

1. d4 d5 2. Bf4 c5 3. e3 Nc6 4. c3 Nf6 5. Nd2 Bf5 6. Ngf3 Qb6 7.
Qb3 c4 8. Qxb6 axb6 9. a3 b5 10.
Rc1 e6 11. Be2 Kd7 12. O-O Bd6 13. Bg3 Rhe8 14. Rfe1 e5 15. dxe5 Nxe5 16. Nxe5+ Bxe5 17. Bxe5 Rxe5 18. Nf3 Re7 19. Nd4 Bg6 20. Nxb5 Ne4 21. Rcd1 Kc6 22. Nd4+ Kc7 23. Nb5+ Kc6 24. Nd4+ Kc7 25.
Bf3 Rd7 26. Bxe4 Bxe4 27. f3 Bd3 28. Kf2 Ra6 29. g4 h5 30. h3 hxg4 31. hxg4 Rb6 32. Rd2 Rh6 33. Kg3 Rd8 34. Rh2 Rdh8 35. Reh1 Rxh2 36.
Rxh2 Rxh2 37. Kxh2 Kd6 38. Kg3 Ke5 39. Kf2 g5 40. Ke1 f6 41. Kd2 Kd6 42. b4 b6 43.
a4 Bg6 44. Ke2 1-0

[Event "*** Titled Tuesday Blitz"]
[Site "Chess.com"]
[Date "2020.04.07"]
[Round "1"]
[White "SergioGarciaFuentes"]
[Black "DoHoChess"]
[Result "0-1"]
[WhiteElo "2197"]
[BlackElo "2558"]
[TimeControl "180+1"]
[EndTime "13:07:30 PDT"]
[Termination "DoHoChess won on time"]

1. Nf3 d5 2. g3 Nc6 3. d4 Bg4 4. Bg2 e6 5. O-O Nf6 6. c4 Bd6 7. Nbd2 O-O 8. b3 Ne4 9. Bb2 f5 10. e3 a5 11. a3 g5 12. Qc2 Bh5 13. Ne1 Bg6 14. Nd3 f4 15. exf4 gxf4 16. Rae1 fxg3 17. hxg3 Nxf2 18. Rxf2 Rxf2 19. Kxf2 Qg5 20. Nf1 Qf5+ 21. Kg1 Qxd3 22. Qxd3 Bxd3 23. cxd5 exd5 24. Bxd5+ Kf8 25.
Bc1 Kg7 26. Re6 Bg6 27. Be3 Bf7 28. Bh6+ Kg8 29. Re4 Bxd5 30. Rg4+ Kf7 31. Rg7+ Kf6 32. Ne3 Be6 33. d5 Bc5 34. dxe6 Bxe3+ 35. Kg2 Bxh6 36. Rxc7 Rb8 37. Rxh7 Bg5 38. e7 Nxe7 0-1

[Event "*** Titled Tuesday Blitz"]
[Site "Chess.com"]
[Date "2020.04.07"]
[Round "1"]
[White "serhanberat_ozdemir"]
[Black "Khamrakulov_Djurabek"]
[Result "0-1"]
[WhiteElo "2465"]
[BlackElo "2905"]
[TimeControl "180+1"]
[EndTime "13:07:31 PDT"]
[Termination "Khamrakulov_Djurabek won by resignation"]

1. e4 c6 2. d4 d5 3. exd5 cxd5 4. c4 Nf6 5. Nc3 e6 6. Nf3 Bb4 7. Bd3 Nc6 8. O-O dxc4 9. Bxc4 O-O 10. Bg5 h6 11.
Bh4 Bxc3 12. bxc3 b6 13. Qe2 Bb7 14. Rac1 Rc8 15. Bd3 Ne7 16. Bxf6 gxf6 17. Nd2 f5 18. Qh5 Kg7 19. Rfe1 Nd5 20. Qh3 Nxc3 21. Qg3+ Qg5 22. Bc4 Qxg3 23. hxg3 Ne4 24. Nxe4 fxe4 25. Bb5 Rfd8 26.
Rxc8 Rxc8 27. a4 Rd8 28. Rd1 e5 29. d5 Rxd5 30. Rxd5 Bxd5 31. g4 Kf6 32. Kh2 Kg5 33. Kg3 h5 34. gxh5 Kxh5 35. Kh3 f5 36. g4+ fxg4+ 37. Kg3 Be6 38. Be2 Kg5 39. Bb5 a5 40.
Be8 Kf6 41. Kh4 Ke7 42. Bg6 Bd7 43. Bxe4 Bxa4 44. Kxg4 Kd6 45. Bd3 Kc5 46. Kf5 Kd4 47.
Be2 b5 48. f4 Bc2+ 49. Kg5 0-1

[Event "*** Titled Tuesday Blitz"]
[Site "Chess.com"]
[Date "2020.04.07"]
[Round "1"]
[White "dmvlad"]
[Black "Kavyev_Ruslan"]
[Result "1-0"]
[WhiteElo "2317"]
[BlackElo "2615"]
[TimeControl "180+1"]
[EndTime "13:07:31 PDT"]
[Termination "dmvlad won by resignation"]

1. e4 c5 2. Nf3 d6 3. Bb5+ Nd7 4. d4 cxd4 5. Qxd4 a6 6. Bxd7+ Bxd7 7. O-O e5 8. Qd3 h6 9. Nc3 Nf6 10. a4 Be7 11.
Nd2 Be6 12. a5 Rc8 13. Rd1 d5 14. Qg3 d4 15. Na4 Qxa5 16. Qxg7 Rg8 17. Qxh6 b5 18.
Nb3 Bxb3 19. Bd2 Qc7 20. cxb3 bxa4 21. Rxa4 Qb7 22. Re1 Nxe4 23. Qh7 Nf6 24. Qh3 Rc2 25. Ba5 Rxb2 26. g3 e4 27. Rxd4 Rxb3 28. Red1 Rd3 29. Qf5 Rxd4 30. Rxd4 Rg6 31. Qe5 Kf8 32. Rd1 Kg7 33.
Bc3 Kg8 34. h4 Bf8 35. h5 Rh6 36. Qg5+ Bg7 37. Rd8+ Kh7 38. Qf5+ Rg6 39. hxg6+ fxg6 40. Qh3+ Nh5 41. Bxg7 Qxg7 42. Rd7 1-0

[Event "*** Titled Tuesday Blitz"]
[Site "Chess.com"]
[Date "2020.04.07"]
[Round "1"]
[White "BvsN"]
[Black "Ellaijio_B"]
[Result "0-1"]
[WhiteElo "2287"]
[BlackElo "2621"]
[TimeControl "180+1"]
[EndTime "13:07:31 PDT"]
[Termination "Ellaijio_B won by resignation"]

1. d4 Nf6 2. c4 c5 3. d5 e6 4. Nc3 exd5 5. cxd5 d6 6. e4 g6 7. Nge2 Bg7 8. Ng3 h5 9. Be2 h4 10. Nf1 a6 11. a4 Nbd7 12. Bg5 Qa5 13. Nd2 h3 14. g3 Nh7 15. Nc4 Qc7 16. Bf4 Ne5 17. Nxe5 dxe5 18. Be3 O-O 19. O-O Bd7 20. a5 b5 21. axb6 Qxb6 22. Rb1 a5 23. Qd2 Rfc8 24. Rfc1 Nf6 25. f3 Bf8 26. Nd1 Qb4 27. Qc2 a4 28. Bd2 Qb6 29. Ne3 c4 30. Kf1 Bb5 31. Nd1 Bc5 32.
Be1 Nd7 33. Bf2 Bd4 34. Kg1 Nc5 35.
Bf1 Nd3 36. Bxd3 cxd3 37. Qxc8+ Rxc8 38. Rxc8+ Kg7 39. Rbc1 d2 40. R1c2 Bxf2+ 41. Kh1 Be2 0-1

[Event "*** Titled Tuesday Blitz"]
[Site "Chess.com"]
[Date "2020.04.07"]
[Round "1"]
[White "PawnEatingZombie"]
[Black "Sawyer2908"]
[Result "0-1"]
[WhiteElo "2136"]
[BlackElo "2533"]
[TimeControl "180+1"]
[EndTime "13:07:31 PDT"]
[Termination "Sawyer2908 won on time"]

1. d4 Nf6 2. c4 e6 3. Nc3 Bb4 4. Qc2 O-O 5. e4 d5 6. e5 Ne4 7. Bd3 c5 8. Nf3 Nd7 9. O-O cxd4 10. Nxe4 dxe4 11. Bxe4 f5 12. exf6 Nxf6 13. Bg5 h6 14.
Bh4 Bc5 15. Rad1 Qb6 16. a3 a5 17. Ne5 Nxe4 18. Qxe4 Rf5 19. Nd3 Bf8 20. Bg3 Bd7 21. b4 axb4 22. axb4 Re8 23. c5 Qb5 24. Be5 Bc6 25.
Qe2 Rg5 26. f3 Rd8 27. h4 Rf5 28. Bg3 Bd5 29. Be5 Bc4 30. Qe4 Rd5 31. Bg3 Rd7 32. Rfe1 Bd5 33. Qe2 Qc4 34. Nf4 Qxe2 35. Rxe2 Bb3 36.
Rdd2 Bc4 37. Re1 d3 38. Nxe6 Re7 0-1

[Event "*** Titled Tuesday Blitz"]
[Site "Chess.com"]
[Date "2020.04.07"]
[Round "1"]
[White "Batica1984"]
[Black "Alopekos"]
[Result "1-0"]
[WhiteElo "2838"]
[BlackElo "2441"]
[TimeControl "180+1"]
[EndTime "13:07:32 PDT"]
[Termination "Batica1984 won on time"]

1. e4 e5 2. Nf3 Nc6 3. Bb5 a6 4.
Ba4 Nf6 5. O-O b5 6. Bb3 Bc5 7. a4 Rb8 8. c3 O-O 9. d4 Bb6 10. Re1 d6 11. h3 Re8 12. d5 Na5 13. Bc2 c6 14. b4 Nc4 15. dxc6 h6 16. axb5 axb5 17.
Nbd2 Nxd2 18. Bxd2 Qc7 19. Qe2 Qxc6 20. Bd3 Bd7 21. c4 Qb7 22. Rac1 Rec8 23. cxb5 Rxc1 24.
Rxc1 Bd8 25. Nh4 Bxb5 26. Bxb5 Qxb5 27. Qxb5 Rxb5 28. Rc8 Nxe4 29. Rxd8+ Kh7 30. Be1 d5 31. Nf3 d4 32. Kf1 f6 33. Ke2 Rb6 34. Kd3 Nd6 35. Kc2 Rc6+ 36. Kb3 d3 37. Nd2 Nf5 38. b5 Rb6 39. Kc4 1-0

[Event "*** Titled Tuesday Blitz"]
[Site "Chess.com"]
[Date "2020.04.07"]
[Round "1"]
[White "WIDBIFS"]
[Black "boasovietica"]
[Result "1-0"]
[WhiteElo "2803"]
[BlackElo "2424"]
[TimeControl "180+1"]
[EndTime "13:07:32 PDT"]
[Termination "WIDBIFS won on time"]

1. d4 Nf6 2. Nf3 g6 3. g3 Bg7 4. Bg2 O-O 5. O-O d6 6. c4 Nc6 7. Nc3 Bg4 8. d5 Na5 9. Qd3 c5 10. Nd2 Qd7 11. e4 a6 12. a4 Bh3 13. f3 Bxg2 14. Kxg2 e6 15. b3 exd5 16. exd5 Rfe8 17. Bb2 Qc7 18. Rae1 Qb6 19. Qc2 Rxe1 20. Rxe1 Re8 21. Nce4 Nxe4 22. Nxe4 Bxb2 23. Qxb2 Re5 24. Nf6+ Kg7 25.
Nd7 Nxc4 26. Qa1 Qxb3 27. Nxe5 Qc2+ 28. Kg1 dxe5 29. Qd1 Qc3 30. d6 Qa5 31. d7 Qd8 32. Qd5 Nb6 33. Qxe5+ Kh6 34. Qf4+ Kg7 35. Qe5+ Kh6 36.
Qd6 Nxd7 37. Rd1 1-0

[Event "*** Titled Tuesday Blitz"]
[Site "Chess.com"]
[Date "2020.04.07"]
[Round "1"]
[White "abhidabhi"]
[Black "MFguimaraes"]
[Result "1-0"]
[WhiteElo "2765"]
[BlackElo "2405"]
[TimeControl "180+1"]
[EndTime "13:07:32 PDT"]
[Termination "abhidabhi won by resignation"]

1. e4 e5 2. Nf3 Nc6 3. Bb5 Nf6 4. d3 Bc5 5. c3 Bb6 6. O-O d6 7. h3 Bd7 8. Re1 h6 9. Nbd2 a6 10. Ba4 O-O 11. Nf1 Re8 12. Ng3 Ne7 13. Bc2 Ng6 14. d4 Nh7 15. Be3 Ng5 16. dxe5 Bxe3 17. Rxe3 Nxe5 18.
Nxe5 dxe5 19. Rd3 Re7 20. Nf5 Kf8 21. Nxe7 Kxe7 22. Qe1 Qe8 23. Rad1 Bc6 24. R3d2 Kf8 25. Qe3 Qe7 26. h4 Ne6 27. g3 a5 28. Bb3 Nc5 29.
Bd5 Bxd5 30. Rxd5 b6 31. b3 f6 32. Kg2 Rc8 33. b4 axb4 34. cxb4 Ne6 35. Rd7 Qxb4 36.
Qf3 Nc5 37. Qg4 Qxe4+ 38. Qxe4 Nxe4 39. Rd8+ Rxd8 40. Rxd8+ Ke7 41. Rg8 g5 42. h5 Nc3 43.
Rh8 Nxa2 44. Rxh6 b5 45. Rh7+ Kd6 46. h6 b4 47. Rh8 Nc1 48. Rb8 b3 49. h7 c5 50.
h8=Q b2 51. Qxf6+ 1-0

[Event "*** Titled Tuesday Blitz"]
[Site "Chess.com"]
[Date "2020.04.07"]
[Round "1"]
[White "Maili15"]
[Black "vinniethepooh"]
[Result "0-1"]
[WhiteElo "2284"]
[BlackElo "2621"]
[TimeControl "180+1"]
[EndTime "13:07:32 PDT"]
[Termination "vinniethepooh won on time"]

1. d4 Nf6 2. c4 e6 3. Nc3 Bb4 4. e3 O-O 5. Ne2 b6 6. a3 Be7 7. e4 Bb7 8. e5 Ne8 9. Be3 d6 10. f4 Nd7 11. Qd2 g6 12. Rg1 h5 13. h3 h4 14. g4 hxg3 15. Nxg3 Ng7 16. Bd3 dxe5 17.
fxe5 c5 18. O-O-O cxd4 19. Bxd4 Nc5 20. Bc2 a5 21. Kb1 a4 22. Nge4 Nxe4 23. Nxe4 Bxe4 24.
Bxe4 Rc8 25. Qd3 Qc7 26. Rc1 Bc5 27. Bxc5 Qxc5 28. Bxg6 fxg6 29. Qxg6 Qxe5 30. Ka1 Rf2 31. Rb1 Qf6 32. Qg3 Rd8 33. Rg2 Rf3 0-1

[Event "*** Titled Tuesday Blitz"]
[Site "Chess.com"]
[Date "2020.04.07"]
[Round "1"]
[White "GameOverBro"]
[Black "powermove"]
[Result "1-0"]
[WhiteElo "2501"]
[BlackElo "1423"]
[TimeControl "180+1"]
[EndTime "13:07:32 PDT"]
[Termination "GameOverBro won by resignation"]

1. e4 e5 2. Nf3 Nc6 3. Bb5 a6 4. Ba4 Nf6 5. d4 Nxd4 6. Nxd4 exd4 7. e5 Nd5 8. Qxd4 Nb6 9. Bb3 Be7 10. Bf4 O-O 11. O-O d6 12. exd6 cxd6 13. Nc3 Bf5 14. Rad1 d5 15. Nxd5 Nxd5 16. Qxd5 Qxd5 17. Rxd5 Bg6 18.
Rd7 Bf6 19. c3 Be4 20. Bd5 Bxd5 21. Rxd5 b5 22. Rfd1 g6 23. g3 Rfe8 24. Rd6 Kg7 25. Kf1 Re4 26. h4 b4 27. cxb4 Rxb4 28. b3 Ra7 29.
Bh6+ Kxh6 30. Rxf6 a5 31. Rdd6 a4 32. Rb6 axb3 33.
axb3 Rxb6 34. Rxb6 Kg7 35. Ke2 h5 36. Ke3 Ra2 37.
Rb8 Rb2 38. b4 Kh7 39. b5 Kg7 40. b6 Kh7 41. Kd4 Rxf2 42. Kc5 Rf3 43. b7 Rxg3 44.
Rh8+ Kxh8 45. b8=Q+ Kg7 46. Qxg3 1-0

[Event "*** Titled Tuesday Blitz"]
[Site "Chess.com"]
[Date "2020.04.07"]
[Round "1"]
[White "Grandmaster1369"]
[Black "Tjktiger"]
[Result "0-1"]
[WhiteElo "2443"]
[BlackElo "2847"]
[TimeControl "180+1"]
[EndTime "13:07:33 PDT"]
[Termination "Tjktiger won by resignation"]

1. e4 c5 2. Nf3 g6 3. d4 cxd4 4.
Nxd4 Bg7 5. c4 Nc6 6. Be3 Qb6 7. Nb5 Qa5+ 8. N1c3 Nf6 9. f3 d6 10. Qd2 a6 11.
Nd4 Nxd4 12. Bxd4 O-O 13. Rc1 Be6 14. Be2 Rfc8 15. b3 b5 16. cxb5 axb5 17. Rc2 Bd7 18. Bd3 b4 19. Ne2 Rxc2 20. Bxc2 Qxa2 21. O-O Rc8 22.
Rc1 Be6 23. Qd3 Nd7 24. Bxg7 Kxg7 25. Nd4 Rc3 26. Qd1 Qa7 27. Ra1 Qb6 28. Kh1 Ne5 29.
f4 Bg4 30. Qd2 Nd3 31. Nf3 Nf2+ 32. Kg1 Nxe4+ 33. Qd4+ Qxd4+ 34. Nxd4 Nc5 35. Bd1 Bxd1 0-1

[Event "*** Titled Tuesday Blitz"]
[Site "Chess.com"]
[Date "2020.04.07"]
[Round "1"]
[White "diskeleven"]
[Black "GianmarcoVaR"]
[Result "1-0"]
[WhiteElo "2344"]
[BlackElo "2640"]
[TimeControl "180+1"]
[EndTime "13:07:34 PDT"]
[Termination "diskeleven won on time"]

1. d4 Nf6 2. c4 e6 3. Nc3 Bb4 4. Nf3 b6 5. Bg5 h6 6. Bh4 Bb7 7. Nd2 Bxc3 8. bxc3 g5 9. Bg3 d6 10. f3 Qe7 11. e4 e5 12. Be2 Nbd7 13. Qa4 Kf8 14.
Bf2 Kg7 15. Nf1 Nf8 16. Ne3 Bc8 17. h4 Bd7 18. Qa3 Ng6 19. O-O-O c6 20. Bf1 c5 21. h5 Nf8 22. g3 Rg8 23. Bh3 Be6 24. Bf5 Kh8 25. d5 Bd7 26. Qb2 N8h7 27. Qd2 b5 28. Rdg1 Rab8 29. Bxd7 Nxd7 30. Nf5 Qf6 31. Kc2 bxc4 32. g4 Rb6 33. Rb1 Rgb8 34. Rxb6 axb6 35. Rb1 b5 36. Kd1 Ndf8 37. Qb2 Qd8 38. Qa3 Ra8 39. Qb2 Ra5 40. a4 bxa4 41. Qb7 Qf6 42. Qb6 a3 43.
Qxa5 Nd7 44. Qxa3 Nhf8 45. Qa8 Kh7 46. Rb7 1-0

[Event "*** Titled Tuesday Blitz"]
[Site "Chess.com"]
[Date "2020.04.07"]
[Round "1"]
[White "chessasuke"]
[Black "PetrolulSah"]
[Result "1-0"]
[WhiteElo "2587"]
[BlackElo "2241"]
[TimeControl "180+1"]
[EndTime "13:07:35 PDT"]
[Termination "chessasuke won on time"]

1. d4 d5 2. Nf3 Nf6 3. Bf4 Bf5 4. e3 e6 5. h3 c5 6. Nh4 Be4 7. Nd2 Nc6 8. c3 Bd6 9. Bxd6 Qxd6 10. f4 O-O 11.
Nhf3 cxd4 12. cxd4 Nb4 13. Nxe4 dxe4 14. Nd2 Rac8 15.
Nc4 Qe7 16. a3 Nbd5 17. Qd2 Nd7 18. Kf2 b5 19. Ne5 Nxe5 20. fxe5 b4 21. Ba6 Rc6 22. Bb5 Rc7 23. Rhc1 Rfc8 24. Ba6 Rxc1 25. Rxc1 Rxc1 26.
Qxc1 h5 27. g3 h4 28. g4 bxa3 29. bxa3 f6 30. Qc8+ Kh7 31. Qc5 Qf7 32. Ke1 fxe5 33. dxe5 Qf3 34. Bb7 Qg3+ 35. Kd2 Qf2+ 36. Kc1 Qe1+ 37.
Kb2 Qd2+ 38. Kb3 Qd3+ 39. Kb2 Qd2+ 40. Kb3 Qd3+ 41. Ka4 Nb6+ 42. Ka5 Nc4+ 43. Ka6 Nxe5+ 44. Kxa7 Nd7 45. Qd4 Qxd4+ 46. exd4 e3 47. Ba6 e5 48. dxe5 Nxe5 49. a4 1-0

[Event "*** Titled Tuesday Blitz"]
[Site "Chess.com"]
[Date "2020.04.07"]
[Round "1"]
[White "saikrishnaReturns"]
[Black "Lysiak_Poltorak"]
[Result "0-1"]
[WhiteElo "2644"]
[BlackElo "2345"]
[TimeControl "180+1"]
[EndTime "13:07:36 PDT"]
[Termination "Lysiak_Poltorak won by checkmate"]

1. e4 c6 2. d3 d5 3. Nd2 g6 4. Ngf3 Bg7 5. g3 e6 6. Bg2 Ne7 7. O-O O-O 8. Re1 Nd7 9. c3 Qb6 10. Qc2 a5 11. a4 Qc7 12. Nf1 b6 13. h4 Ba6 14. N1h2 Rad8 15. Ng4 dxe4 16. dxe4 h5 17.
Nh6+ Kh8 18. g4 Nc5 19. gxh5 Bd3 20. Qd2 Nb3 21. Qg5 f6 22. Qg4 Nxc1 23. Nf7+ Rxf7 24. hxg6 Nxg6 25. Qh5+ Kg8 26. Qxg6 Ne2+ 27. Kh1 Qf4 28. Rad1 Rdd7 29. h5 Bxe4 30. Rxd7 Bxg6 31. Rd8+ Rf8 32. Rxf8+ Bxf8 33. hxg6 Nc1 34. Rxe6 Bc5 35. Rxc6 Bxf2 36. Rc8+ Kg7 37. Nd4 Qh6+ 38. Bh3 Qxh3# 0-1

[Event "*** Titled Tuesday Blitz"]
[Site "Chess.com"]
[Date "2020.04.07"]
[Round "1"]
[White "Chessdemon2019"]
[Black "JozefKneht"]
[Result "0-1"]
[WhiteElo "2257"]
[BlackElo "2600"]
[TimeControl "180+1"]
[EndTime "13:07:36 PDT"]
[Termination "JozefKneht won by checkmate"]

1. e4 e5 2. Nf3 Nc6 3. Bc4 Nf6 4. d3 Bc5 5. c3 d6 6. Nbd2 a6 7. a4 O-O 8. O-O Ba7 9. h3 h6 10. Re1 Ne7 11. Nf1 Ng6 12. Ng3 Nh7 13. d4 Qf6 14.
Be3 Ng5 15. Nh2 Ne6 16. Ng4 Qe7 17. Nf5 Qd8 18. g3 c6 19. Qf3 Ng5 20. Bxg5 hxg5 21. Nge3 Be6 22. Qh5 Bxc4 23. Nxc4 exd4 24. cxd4 d5 25.
exd5 cxd5 26. Ncd6 Qf6 27. g4 Rad8 28. Nxb7 Rd7 29. Nc5 Bxc5 30. dxc5 Nf4 31. c6 Rc7 32. h4 Nxh5 33. hxg5 Qxg5 34. f3 Nf4 35. Rad1 g6 36. Nd4 Ne6 37. Nxe6 fxe6 38. Rxe6 Rxf3 39. Rd4 Rcf7 40.
Re8+ Kg7 41. c7 Qc1+ 42. Kg2 Qxc7 43. g5 Qg3+ 44. Kh1 Rf1# 0-1

[Event "*** Titled Tuesday Blitz"]
[Site "Chess.com"]
[Date "2020.04.07"]
[Round "1"]
[White "mamonika"]
[Black "IMRosen"]
[Result "1-0"]
[WhiteElo "1889"]
[BlackElo "2483"]
[TimeControl "180+1"]
[EndTime "13:07:36 PDT"]
[Termination "mamonika won by resignation"]

1. d4 d5 2. c4 e6 3. Nc3 Nf6 4. cxd5 exd5 5. Bg5 c6 6. e3 Bd6 7. Bd3 O-O 8. Qc2 h6 9. Bh4 Re8 10. Nf3 a5 11. O-O Na6 12. a3 Bg4 13. Nd2 Bd7 14. Bg3 Bxg3 15. hxg3 Nc7 16. Na4 Ne6 17. b4 Ng4 18.
Nf3 Ng5 19. Nc5 Bc8 20. b5 Qf6 21. Be2 Bf5 22. Qb2 Ne4 23. Nxb7 Reb8 24. Ne5 Ngxf2 25.
bxc6 Bc8 26. Bf3 Qg5 27. Rxf2 Nxf2 28. Qxf2 Bxb7 29. cxb7 Rxb7 30. Bxd5 Raa7 31. Bxb7 Rxb7 32. Rc1 Qd8 33. Qf3 Re7 34. Nc6 Rc7 35. Nxd8 Rxc1+ 36.
Kh2 Rc7 37. Qd5 a4 38. Nc6 Kh7 39. Qf5+ Kg8 40. Qe5 Kh7 41. Qxc7 h5 42. Qa5 1-0

[Event "*** Titled Tuesday Blitz"]
[Site "Chess.com"]
[Date "2020.04.07"]
[Round "1"]
[White "Tomytoteph"]
[Black "Volodar_Murzin"]
[Result "0-1"]
[WhiteElo "2336"]
[BlackElo "2679"]
[TimeControl "180+1"]
[EndTime "13:07:37 PDT"]
[Termination "Volodar_Murzin won by checkmate"]

1. d4 Nf6 2. Nf3 g6 3. c4 Bg7 4. Nc3 O-O 5. g3 d6 6. Bg2 Nbd7 7. O-O e5 8. e3 Re8 9. b3 c6 10. Bb2 e4 11. Nd2 d5 12. b4 h5 13. a4 Nf8 14. b5 Bg4 15. Qb3 Qd7 16. a5 N8h7 17.
a6 Rab8 18. Qa4 Ng5 19. axb7 cxb5 20. Qxb5 Qf5 21. cxd5 Bh3 22. d6 Qxb5 23. Nxb5 Rxb7 24. Ra5 Bxg2 25. Kxg2 Nf3 26. Nc4 Rc8 27. Rc1 a6 28.
Nc7 Bf8 29. Rxa6 Rcb8 30. Ba3 Rb1 31. Ra8 Rxc1 32. Bxc1 Rb1 33. d7 Nxd7 34. Ba3 Rg1+ 35. Kh3 g5 36. Rxf8+ Nxf8 37. Bxf8 g4# 0-1

[Event "*** Titled Tuesday Blitz"]
[Site "Chess.com"]
[Date "2020.04.07"]
[Round "1"]
[White "fugadelafuga"]
[Black "sofaceindisguise"]
[Result "0-1"]
[WhiteElo "2307"]
[BlackElo "2638"]
[TimeControl "180+1"]
[EndTime "13:07:38 PDT"]
[Termination "sofaceindisguise won by resignation"]

1. e4 c5 2. c4 Nc6 3. Nc3 g6 4.
g3 Bg7 5. Bg2 d6 6. Nge2 Nf6 7.
a3 O-O 8. Rb1 a5 9. d3 Ne8 10.
O-O Nc7 11. Be3 Ne6 12. Nb5 Bd7 13. d4 cxd4 14. Nbxd4 a4 15. h3 Nc5 16. Qd2 Qb6 17. Nxc6 Bxc6 18. Nc3 Rfc8 19. Kh2 Qd8 20. Nd5 b5 21. cxb5 Bxb5 22. Qd1 Bxf1 23. Bxf1 Rab8 24. Bd4 Bxd4 25. Qxd4 e5 26. Qe3 Kg7 27. Nb4 h5 28. Rd1 Ne6 29. h4 Nd4 30. Bh3 Rc5 31. Nd5 Rxd5 32.
exd5 Rxb2 33. Rxd4 exd4 34. Qxd4+ Qf6 35. Qxf6+ Kxf6 36. Bd7 Rxf2+ 37. Kh3 Ra2 38. Bxa4 Rxa3 39. Bc6 Ke5 40.
Be8 Rf3 41. Bc6 f5 42. Kg2 Rd3 43. Be8 Kf6 44. Bc6 Rd4 45. Kf3 Rg4 46. Bd7 Ke5 47.
Bc6 f4 48. gxf4+ Rxf4+ 49. Kg3 Rd4 50. Kh3 Rxd5 51. Bxd5 Kxd5 52. Kg3 Ke4 53. Kf2 Kf4 54. Ke2 Kg4 0-1

[Event "*** Titled Tuesday Blitz"]
[Site "Chess.com"]
[Date "2020.04.07"]
[Round "1"]
[White "AllStarShark"]
[Black "Rodalquilar"]
[Result "0-1"]
[WhiteElo "2303"]
[BlackElo "2635"]
[TimeControl "180+1"]
[EndTime "13:07:38 PDT"]
[Termination "Rodalquilar won on time"]

1. d4 d5 2. Bf4 Nf6 3. e3 e6 4. Nd2 Bd6 5. Bg3 O-O 6. c3 c5 7. Bd3 Qc7 8. Ne2 Nbd7 9. O-O e5 10.
dxe5 Nxe5 11. Nf3 Nxf3+ 12. gxf3 Bh3 13. Re1 Rad8 14. Nf4 Bc8 15. Qc2 g6 16. Rad1 c4 17.
Bf1 Bf5 18. Qd2 Rfe8 19. b3 b5 20. b4 Be5 21. Ne2 a6 22. Nd4 Bc8 23. Bg2 Bd6 24.
Qc2 h5 25. Bxd6 Qxd6 26. f4 h4 27. Bf3 h3 28. Kh1 Bg4 29. Rg1 Bxf3+ 30. Nxf3 Ne4 31. Ng5 Qc6 32. Nxe4 d4 33. Rxd4 Rxd4 34. cxd4 Rxe4 35.
f3 Rxe3 36. d5 Qxd5 37. Qf2 Rxf3 38. Qc5 Qe4 39. Qc8+ Kg7 40. Qg4 Rg3+ 0-1

[Event "*** Titled Tuesday Blitz"]
[Site "Chess.com"]
[Date "2020.04.07"]
[Round "1"]
[White "Keaton87"]
[Black "killer311"]
[Result "1-0"]
[WhiteElo "2649"]
[BlackElo "2317"]
[TimeControl "180+1"]
[EndTime "13:07:39 PDT"]
[Termination "Keaton87 won by resignation"]

1. d4 d5 2. c4 c6 3. cxd5 cxd5 4.
Nc3 Nf6 5. Nf3 Nc6 6. Ne5 g6 7. g3 Bg7 8. Bg2 O-O 9. O-O Bf5 10. Bg5 Ne4 11. Nxe4 Bxe4 12. Bxe4 Nxe5 13. dxe5 dxe4 14. Qxd8 Rfxd8 15. Bxe7 Re8 16. Bf6 Bxf6 17. exf6 Re6 18. Rfd1 Rxf6 19. Rac1 b6 20. Rc7 a5 21. Rdd7 Re8 22.
e3 Re5 23. a4 Ref5 24. Rd2 b5 25. b3 bxa4 26. bxa4 Rb6 27. Rc4 Re5 28. g4 h5 29. h3 hxg4 30. hxg4 Rbe6 31. Kg2 Rg5 32. Kh3 f5 33. Rd7 Re8 34. gxf5 gxf5 35. Rcc7 Rb8 36.
Kh4 Rg4+ 37. Kh5 Kh8 38. Rh7+ Kg8 39. Rhf7 Rf8 40. Rxf8+ Kxf8 41. Rc5 Ke7 42. Rxf5 Rg2 43. Kh4 Ke6 44. Kh3 Kxf5 45. Kxg2 Kg4 46. f3+ exf3+ 47. Kf2 Kf5 48. Kxf3 Ke5 49. e4 Ke6 50. Ke3 Ke5 51. Kd3 Ke6 52. Kd4 Kd6 53. Kc4 Kc6 54.
e5 Kd7 55. Kb5 Ke6 56. Kxa5 Kxe5 57. Kb6 Kd6 58. a5 Kd7 59. Kb7 1-0

[Event "*** Titled Tuesday Blitz"]
[Site "Chess.com"]
[Date "2020.04.07"]
[Round "1"]
[White "Eltarolo"]
[Black "Semen_Khanin"]
[Result "1-0"]
[WhiteElo "2329"]
[BlackElo "2618"]
[TimeControl "180+1"]
[EndTime "13:07:39 PDT"]
[Termination "Eltarolo won on time"]

1. e4 c5 2. Nf3 Nc6 3. Bb5 g6 4. Bxc6 dxc6 5. O-O Bg7 6. h3 Nf6 7. d3 b6 8. Nc3 Qc7 9. Be3 Nd7 10. Qd2 h6 11. a4 e5 12. Nh2 Nf8 13. f4 exf4 14.
Bxf4 Qe7 15. Kh1 Ne6 16. Be3 Nd4 17. Rf2 Be6 18. Nf3 g5 19. Ne2 a5 20. Nfxd4 cxd4 21. Bxd4 O-O 22. Bxg7 Kxg7 23. Qc3+ Kh7 24. Ng3 c5 25.
Raf1 Qd6 26. Nh5 Qd4 27. Qd2 Qxb2 28. Rf6 Rg8 29. h4 Qe5 30. Qe3 Rg6 31. Rxg6 fxg6 32. Nf6+ Kg7 33. hxg5 hxg5 34. Qf3 Rh8+ 35. Kg1 1-0

[Event "*** Titled Tuesday Blitz"]
[Site "Chess.com"]
[Date "2020.04.07"]
[Round "1"]
[White "isla88"]
[Black "Rumpel-VK"]
[Result "0-1"]
[WhiteElo "2275"]
[BlackElo "2618"]
[TimeControl "180+1"]
[EndTime "13:07:39 PDT"]
[Termination "Rumpel-VK won on time"]

1. c4 e5 2. Nc3 Bb4 3. Qc2 Nf6 4. Nf3 Nc6 5. e3 Bxc3 6. bxc3 d6 7. d4 Bg4 8. Be2 O-O 9. O-O Re8 10. h3 Bh5 11. Re1 Qd7 12. a4 Na5 13. Qa2 Qc6 14.
c5 e4 15. Nd2 Bxe2 16. Rxe2 dxc5 17. c4 cxd4 18. exd4 Rad8 19. d5 Qa6 20. Bb2 Nxd5 21. Rae1 Nb4 22. Qa3 Nd3 23. Rb1 Nxc4 24. Nxc4 Qxc4 25.
Ree1 Qc2 26. Rf1 Nxb2 27. Rxb2 Qc6 28. Re2 b6 29. Re3 Qd5 30. Rc1 c5 31. Rg3 Qd2 32.
a5 Rd3 33. Rxd3 exd3 34. axb6 axb6 35. g3 Re1+ 36. Kg2 Re8 37. Rb1 Qe2 38. Qa4 d2 39. Rb2 h6 0-1

[Event "*** Titled Tuesday Blitz"]
[Site "Chess.com"]
[Date "2020.04.07"]
[Round "1"]
[White "ChelsieMonica"]
[Black "GMBenjaminFinegold"]
[Result "1/2-1/2"]
[WhiteElo "2229"]
[BlackElo "2571"]
[TimeControl "180+1"]
[EndTime "13:07:39 PDT"]
[Termination "Game drawn by repetition"]

1. c4 b6 2. Nf3 Bb7 3. Nc3 c5 4. e3 Nf6 5. d4 g6 6. Be2 Bg7 7.
d5 O-O 8. O-O d6 9. a4 e5 10.
dxe6 fxe6 11. a5 bxa5 12. Ng5 Qe7 13. Rxa5 h6 14. Nf3 Nc6 15. Ra1 g5 16. Nb5 Ne4 17. Nd2 Nf6 18. Nb3 a6 19. Nc3 Rad8 20. Bf3 Ne5 21.
Bxb7 Qxb7 22. Na5 Qa8 23. h3 g4 24. hxg4 Nexg4 25. e4 d5 26. cxd5 exd5 27. exd5 Qb8 28. g3 h5 29. Nc6 Qd6 30. Bf4 Qd7 31. Nxd8 Rxd8 32. Rxa6 h4 33. Rd6 Qc8 34. Rxd8+ Qxd8 35. Qe2 hxg3 36. fxg3 c4 37. Qe6+ Kh7 38. Ne4 Qxd5 39.
Nxf6+ Nxf6 40. Qxd5 Nxd5 41. Bc1 Kg6 42. Kf2 Nb4 43. Ke3 Nd3 44. Ke4 Nxb2 45. Bxb2 Bxb2 46. Rf2 c3 47. Kf3 Bc1 48. Rc2 Bd2 49. Ra2 Kf6 50. g4 Kg6 51. Kg3 Kf6 52. Ra6+ Kg7 53. Rc6 Kf7 54.
Kh4 Ke7 55. Rc4 Kd6 56. g5 Kd5 57. Rc8 Kd4 58. Kh5 Bxg5 59. Kxg5 Kd3 60. Rd8+ Ke2 61. Rc8 Kd2 62. Rd8+ Ke2 63. Re8+ Kd2 64. Rd8+ Ke2 1/2-1/2

[Event "*** Titled Tuesday Blitz"]
[Site "Chess.com"]
[Date "2020.04.07"]
[Round "1"]
[White "MITerryble"]
[Black "LADIESGET2KNOWME"]
[Result "1-0"]
[WhiteElo "2905"]
[BlackElo "2465"]
[TimeControl "180+1"]
[EndTime "13:07:40 PDT"]
[Termination "MITerryble won on time"]

1. e4 e6 2. d4 d5 3. exd5 exd5 4.
Nf3 Nc6 5. Bb5 Bd6 6. h3 Ne7 7.
c4 dxc4 8. Bxc4 O-O 9. O-O Bf5 10. Nc3 Qd7 11. Re1 Ng6 12. a3 Rae8 13. Be3 Nf4 14. d5 Nxh3+ 15. gxh3 Bxh3 16. Ng5 Ne5 17. Qh5 Bf5 18.
Bb5 c6 19. dxc6 bxc6 20. Be2 h6 21. Nge4 Bg6 22. Qh4 Bb8 23. Rad1 Qf5 24. Ng3 Nf3+ 25. Bxf3 Qxf3 26. Qh1 Qg4 27. Qg2 Re5 28. Nce2 Rfe8 29. Rd4 Qe6 30. Nf4 Qf6 31. Red1 Bh7 32. Ngh5 Qg5 33. Rd8 Bc2 34. R1d2 Be4 35. Rxe8+ Rxe8 36. Qxg5 hxg5 37. Ne2 f6 38. Rd7 Be5 39. Rxg7+ Kh8 40. Rxa7 Bxb2 41. Bd4 Bxd4 42. Nxd4 1-0